AoeStats
← Bonaparte

Arabia

508642409Analyzed
2v2 RM · 8d ago on Sep 23, 2026· 56m 43s· 4 players
Game mode
Random Map
Map size
Medium (4 player)
Population
200
Speed
Normal
Resources
Standard
Victory
Conquest
Starting age
Dark Age
Ending age
Imperial Age
RankedLock teamsTeams togetherTeam positionsShared explorationLock speedFull tech treeHidden civsTurbo modeCheats
Victory
Defeat
🇫🇷 Italians · France
1135
+11
🇫🇷 Britons · France
1101
+13
🇸🇪 Franks · Sweden
1059
-13
1003
-11
FedSmoker
8:55 Loom
10:41 Feudal Age
11:29 Man-at-Arms
12:08 Double-Bit Axe
14:14 Arson
17:14 Forging
23:43 Castle Age
21:39 Gold Mining
24:14 Scale Barding Armor
24:00 Fletching
24:25 Husbandry
26:25 Light Cavalry
30:20 Chain Barding Armor
40:42 Bodkin Arrow
ナンゴン ウェニア
12:04 Feudal Age
16:00 Castle Age
14:50 Double-Bit Axe
17:12 Bow Saw
18:13 Fishing Lines
19:57 Wheelbarrow
19:07 Loom
19:38 Horse Collar
19:46 Town Watch
20:08 Gillnets
25:45 Gold Mining
25:45 Stone Mining
26:21 Fervor
27:21 Gold Shaft Mining
26:37 Stone Mining
27:58 Hand Cart
33:04 Imperial Age
30:34 Town Patrol
30:27 Fletching
30:37 Padded Archer Armor
30:47 Forging
30:37 Scale Mail Armor
30:43 Scale Barding Armor
30:54 Stone Mining
31:09 Heavy Plow
32:04 Bodkin Arrow
32:24 Leather Archer Armor
31:54 Hamask
33:26 Iron Casting
33:16 Elite Jomsviking
34:17 Conscription
33:19 Northmen's Fury
34:48 Chain Mail Armor
34:37 Squires
35:11 Masonry
36:04 Chemistry
35:00 Murder Holes
35:48 Stone Shaft Mining
35:30 Pikeman
35:31 Man-at-Arms
35:56 Gambesons
35:32 Elite Varangian Guard
37:49 Blast Furnace
36:50 Bracer
37:20 Ring Archer Armor
37:26 Onager
40:53 Thumb Ring
40:11 Cranequins
40:11 Heavy Mounted Crossbowman
40:20 Cranequins
40:31 Siege Onager
41:58 Plate Mail Armor
41:58 Ring Archer Armor
41:49 Chain Barding Armor
42:31 Ballistics
45:39 Capped Ram
46:47 Siege Ram
50:22 Elite Skirmisher
microllax
4:24 Loom
10:35 Feudal Age
11:42 Double-Bit Axe
19:01 Castle Age
17:30 Horse Collar
17:45 Gold Mining
18:50 Fletching
19:23 Crossbowman
23:34 Forging
23:23 Bodkin Arrow
27:12 Bow Saw
27:49 Wheelbarrow
28:00 Ballistics
30:00 Padded Archer Armor
41:08 Imperial Age
40:24 Hand Cart
40:31 Leather Archer Armor
41:20 Arbalester
45:41 Chemistry
46:39 Capped Ram
50:07 Bracer
50:38 Ring Archer Armor
52:56 Yeomen
55:25 Stone Mining
Bonaparte
0:35 Loom
10:37 Feudal Age
17:36 Castle Age
16:46 Double-Bit Axe
17:45 Horse Collar
18:46 Wheelbarrow
18:55 Town Watch
21:07 Bow Saw
21:01 Heavy Plow
23:18 Stone Mining
25:02 Hand Cart
25:45 Squires
25:30 Arson
29:00 Fletching
29:19 Padded Archer Armor
29:44 Bodkin Arrow
29:56 Thumb Ring
31:26 Leather Archer Armor
33:06 Pikeman
34:00 Forging
33:51 Scale Mail Armor
33:56 Gold Mining
34:43 Stone Shaft Mining
35:36 Iron Casting
37:52 Imperial Age
36:56 Chain Mail Armor
40:38 Conscription
41:21 Blast Furnace
40:52 Plate Mail Armor
41:25 Two-Man Saw
41:06 Crop Rotation
44:15 Hoardings
47:28 Ballistics
48:08 Chemistry
47:04 Murder Holes
47:20 Masonry
46:51 Treadmill Crane
53:04 Elite Genoese Crossbowman
53:14 Pikeman
54:08 Bracer
Connection lost

Rejoining the realm…

Still unreachable

The connection could not be restored.

Session expired

The server has moved on; the page needs a fresh start.